[Event "*** Titled Tuesday Blitz"]
[Site "Chess.com"]
[Date "2019.07.02"]
[Round "1"]
[White "M1711"]
[Black "Perecke"]
[Result "1-0"]
[WhiteElo "2506"]
[BlackElo "2039"]
[TimeControl "180+2"]
[EndTime "13:07:09 PDT"]
[Termination "M1711 won by resignation"]

1. e4 e5 2. Nf3 Nc6 3. Nc3 g6 4.
d4 exd4 5. Nxd4 Bg7 6. Be3 Nf6 7.
Bc4 O-O 8. Bb3 d6 9. f3 Nxd4 10. Bxd4 Be6 11. O-O a6 12. Be3 c5 13. Bxe6 fxe6 14.
Qd2 Qe7 15. Rfe1 Rfd8 16. Rad1 Rac8 17. Qf2 b6 18. Kh1 Qb7 19. Bg5 Qf7 20. Qe2 h6 21. Bh4 d5 22. exd5 exd5 23. Qxa6 g5 24. Bf2 d4 25.
Ne4 Nxe4 26. Rxe4 Re8 27. Rde1 Rxe4 28. Qxc8+ Bf8 29. Rxe4 Qxa2 1-0

[Event "*** Titled Tuesday Blitz"]
[Site "Chess.com"]
[Date "2019.07.02"]
[Round "1"]
[White "SanchezKelvin"]
[Black "Korchmar_Vasiliy"]
[Result "0-1"]
[WhiteElo "2395"]
[BlackElo "2756"]
[TimeControl "180+2"]
[EndTime "13:07:10 PDT"]
[Termination "Korchmar_Vasiliy won by resignation"]

1. d4 Nf6 2. c4 g6 3. Nc3 d5 4. Nf3 Bg7 5. Bf4 O-O 6. e3 Be6 7. Nd2 c5 8. dxc5 Na6 9. cxd5 Nxd5 10. Bxa6 Nxc3 11. bxc3 bxa6 12. Rc1 Bxa2 13. Qa4 Be6 14. c6 Qd5 15. e4 Qd3 16. Qa3 f5 17. e5 Bd5 18. c7 Bxg2 19. Rg1 Bc6 20. Rg3 Qd7 21. e6 Qxe6+ 22. Re3 Qf7 23. Rxe7 Rae8 24. Bd6 Rxe7+ 25. Bxe7 Re8 26. Kf1 Qd5 27. f3 Qxd2 28. Rd1 0-1

[Event "*** Titled Tuesday Blitz"]
[Site "Chess.com"]
[Date "2019.07.02"]
[Round "1"]
[White "Supernotar"]
[Black "konradrutkowski"]
[Result "1-0"]
[WhiteElo "2606"]
[BlackElo "2247"]
[TimeControl "180+2"]
[EndTime "13:07:10 PDT"]
[Termination "Supernotar won by checkmate"]

1. d4 Nf6 2. c4 g6 3. Nc3 Bg7 4. e4 O-O 5. Be2 d6 6. Nf3 e5 7.
O-O Nc6 8. d5 Ne7 9. Ne1 Nd7 10.
Be3 f5 11. f3 f4 12. Bf2 g5 13. a4 Ng6 14. a5 Nf6 15. c5 Rf7 16. cxd6 cxd6 17.
Nb5 g4 18. Bxa7 Rxa7 19. Nxa7 Bd7 20. Nb5 Qe7 21. Nc7 g3 22. Ne6 gxh2+ 23. Kxh2 Nh5 24. Rh1 Ng3 25. Kg1 Nxh1 26. Kxh1 Qh4+ 27. Kg1 Bf6 28. Nd3 Qh5 29. Nf2 Bh4 30. Nh3 Bg3 31. Bf1 Nf8 32. Qb3 Qh6 33. Bc4 Rf6 34. Qxb7 Rg6 35. a6 Be1 36. Qb8 Bxe6 37. dxe6 Qxh3 38. e7+ Kg7 39. Qxf8# 1-0

[Event "*** Titled Tuesday Blitz"]
[Site "Chess.com"]
[Date "2019.07.02"]
[Round "1"]
[White "Hamisandwich"]
[Black "Sanan_Sjugirov"]
[Result "0-1"]
[WhiteElo "2459"]
[BlackElo "2951"]
[TimeControl "180+2"]
[EndTime "13:07:11 PDT"]
[Termination "Sanan_Sjugirov won by resignation"]

1. d4 Nf6 2. c4 g6 3. Nc3 d5 4. e3 Bg7 5. Nf3 O-O 6. Bd2 c6 7. Rc1 a6 8. b3 Ne4 9. Nxe4 dxe4 10. Ng5 e5 11. Nxe4 exd4 12. Bb4 Re8 13. Nd6 Re6 14.
Nxc8 Qxc8 15. Bd2 dxe3 16. Bxe3 Bh6 17. Be2 Bxe3 18. fxe3 Nd7 19. O-O Ne5 20. Qd4 Qc7 21.
c5 Rd8 22. Qf4 Qe7 23. Rc3 Rd2 24. Bc4 Nxc4 25. bxc4 Rd7 26. Kh1 Kg7 27. Rb3 Rf6 0-1

[Event "*** Titled Tuesday Blitz"]
[Site "Chess.com"]
[Date "2019.07.02"]
[Round "1"]
[White "Dare-Dare"]
[Black "temus_galaktionov"]
[Result "0-1"]
[WhiteElo "2073"]
[BlackElo "2511"]
[TimeControl "180+2"]
[EndTime "13:07:13 PDT"]
[Termination "temus_galaktionov won by resignation"]

1. Nf3 c6 2. c4 g6 3. e3 Bg7 4. d4 d6 5. Nc3 Nd7 6. Be2 Ngf6 7. O-O e5 8. Qc2 O-O 9. b3 Re8 10. Bd3 Qe7 11. Nd2 Nh5 12. dxe5 dxe5 13. Bb2 f5 14.
Be2 Nhf6 15. Rad1 b6 16. Ndb1 Bb7 17. Ba3 Nc5 18. Na4 Nfd7 19. Nbc3 Qe6 20. Nxc5 Nxc5 21. Bxc5 bxc5 22. Na4 Qe7 23. Rd2 Red8 24. Rfd1 Rxd2 25.
Qxd2 Bf8 26. Qd7 Rb8 27. Kf1 e4 28. h3 Qe5 29. g3 Be7 30. Qd2 Qc7 31. Qd7 Qe5 32.
Qd2 Qc7 33. Qb2 Bc8 34. Rd2 Be6 35. Qc2 Kf7 36. Qd1 h6 37. Qc1 Qe5 38. Qd1 h5 39. h4 Kg7 40. Kg2 Rh8 41. Rc2 g5 42. hxg5 h4 43. Rc1 hxg3 44. fxg3 Bxg5 45. Qg1 Kf6 46.
Qf2 Ke7 47. Rh1 Rxh1 48. Kxh1 Qa1+ 0-1

[Event "*** Titled Tuesday Blitz"]
[Site "Chess.com"]
[Date "2019.07.02"]
[Round "1"]
[White "GelmanAlexander"]
[Black "Mazanchenko_Dmitry"]
[Result "1-0"]
[WhiteElo "2582"]
[BlackElo "2236"]
[TimeControl "180+2"]
[EndTime "13:07:14 PDT"]
[Termination "GelmanAlexander won by resignation"]

1. d4 g6 2. Nc3 Bg7 3. e4 d6 4.
f4 Nf6 5. Nf3 Bg4 6. Be3 Bxf3 7.
Qxf3 e5 8. O-O-O exf4 9. Bxf4 Nc6 10. e5 Nh5 11. Be3 Bf8 12. Bc4 Qd7 13. Rhf1 O-O-O 14. Bxf7 dxe5 15. d5 Nd4 16. Bxd4 exd4 17. Be6 Bh6+ 18.
Kb1 dxc3 19. Qxc3 Rhf8 20. Bxd7+ Rxd7 21. Rxf8+ Bxf8 22. Qh8 Rd8 23. Qxh7 Nf6 24. Qxg6 Nd7 25. h4 Bd6 26. h5 Ne5 27. Qf5+ Kb8 28. h6 Rf8 29. Qe6 Nc4 30. h7 Rc8 31. Qxc8+ 1-0

[Event "*** Titled Tuesday Blitz"]
[Site "Chess.com"]
[Date "2019.07.02"]
[Round "1"]
[White "Semen_Khanin"]
[Black "MasterKroket"]
[Result "1-0"]
[WhiteElo "2728"]
[BlackElo "2375"]
[TimeControl "180+2"]
[EndTime "13:07:15 PDT"]
[Termination "Semen_Khanin won by checkmate"]

1. e4 c5 2. Nf3 e6 3. d4 cxd4 4.
Nxd4 Nc6 5. Nc3 Qc7 6. Be3 a6 7. a3 Nf6 8. f4 h5 9. Be2 d6 10. O-O Bd7 11. Bf3 Be7 12. Qd2 Na5 13.
b3 Rc8 14. Nde2 Ng4 15. Bxg4 hxg4 16. Bd4 Rh7 17. Rad1 Nc6 18. Be3 b5 19. Ng3 Nd8 20. Bd4 Nc6 21. Be3 Nd8 22. Nge2 Nb7 23. e5 dxe5 24.
fxe5 Bc6 25. Nd4 Bc5 26. Qf2 g6 27. Nxe6 Qxe5 28. Ng7+ Rxg7 29. Rfe1 Kf8 30. Nd5 Bxd5 31. Bxc5+ Nxc5 32. Rxe5 Ne4 33. Qd4 Nf6 34. Rxd5 Nxd5 35.
Qxd5 Kg8 36. Qd7 Rxc2 37. Qd8+ Kh7 38. Qh4+ Kg8 39. Rd8# 1-0

[Event "*** Titled Tuesday Blitz"]
[Site "Chess.com"]
[Date "2019.07.02"]
[Round "1"]
[White "KaterynaLagno"]
[Black "Lord_Neezy"]
[Result "1-0"]
[WhiteElo "2673"]
[BlackElo "2325"]
[TimeControl "180+2"]
[EndTime "13:07:18 PDT"]
[Termination "KaterynaLagno won by checkmate"]

1. e4 c5 2. Nf3 Nc6 3. d4 cxd4 4. Nxd4 Nf6 5. Nc3 e5 6. Ndb5 d6 7. Bg5 a6 8. Na3 b5 9. Bxf6 gxf6 10. Nd5 Bg7 11. g3 f5 12. exf5 Bxf5 13. Bg2 Rc8 14.
c3 O-O 15. O-O Be6 16. Nc2 f5 17. a4 bxa4 18. Rxa4 a5 19. Nce3 Rb8 20. Qe2 e4 21. Rd1 Ne5 22. b4 axb4 23. cxb4 Nd3 24. Rxd3 exd3 25.
Qxd3 Kh8 26. h4 Ra8 27. Rxa8 Qxa8 28.
Nf4 Qa1+ 29. Kh2 Qe5 30. b5 Bc8 31. b6 Rf7 32. Qc4 Qe8 33. Bc6 Qf8 34. Bd5 Re7 35. Ne6 Bxe6 36. Bxe6 f4 37. gxf4 Qb8 38. Nf5 Rb7 39. Bc8 Rxb6 40. Qf7 Bh6 41. Qf6+ Kg8 42. Nxh6# 1-0

[Event "*** Titled Tuesday Blitz"]
[Site "Chess.com"]
[Date "2019.07.02"]
[Round "1"]
[White "LisikValera"]
[Black "moro182"]
[Result "0-1"]
[WhiteElo "2413"]
[BlackElo "2792"]
[TimeControl "180+2"]
[EndTime "13:07:20 PDT"]
[Termination "moro182 won by resignation"]

1. d4 d5 2. Bf4 Nf6 3. e3 c5 4. c3 Nc6 5. Nf3 e6 6. Nbd2 Bd6 7. Bg3 O-O 8. Ne5 Bxe5 9. dxe5 Nd7 10. Nf3 f5 11. exf6 Nxf6 12. Bb5 Ne4 13. Bxc6 bxc6 14. O-O Nxg3 15. hxg3 Qf6 16. Qe2 e5 17. e4 Bg4 18. exd5 Bxf3 19. Qxf3 Qxf3 20. gxf3 cxd5 21. Rfe1 Rae8 22. Rad1 d4 23. f4 exf4 24. Rxe8 Rxe8 25. cxd4 Rd8 26. d5 fxg3 27. fxg3 Kf7 28. Rd3 Rd7 29. Ra3 Kf6 30. Ra5 Rxd5 31. Rxa7 Rd1+ 32. Kf2 Rd2+ 33. Ke3 Rxb2 34. Kd3 Rg2 35. Kc4 Rxg3 36. Kxc5 h5 37.
a4 h4 38. Ra8 Kg6 39. Kb4 Rg4+ 40. Kb5 h3 41. Rh8 Rg5+ 42. Kb6 Rh5 0-1

[Event "*** Titled Tuesday Blitz"]
[Site "Chess.com"]
[Date "2019.07.02"]
[Round "1"]
[White "pr1105"]
[Black "Samuray111"]
[Result "0-1"]
[WhiteElo "2201"]
[BlackElo "2561"]
[TimeControl "180+2"]
[EndTime "13:07:21 PDT"]
[Termination "Samuray111 won on time"]

1. e4 c5 2. Nf3 Nc6 3. d4 cxd4 4.
Nxd4 g6 5. c4 Nf6 6. Nc3 d6 7.
f3 Nxd4 8. Qxd4 Bg7 9. Be3 O-O 10.
Qd2 a5 11. Na4 Bd7 12. Nb6 Rb8 13. Qxa5 Bc6 14. Bd3 Nd7 15. Qb4 Nc5 16. O-O-O Qc7 17.
Bxc5 dxc5 18. Qxc5 Rfd8 19. Nd5 Qd7 20. Qxe7 Qc8 21. Nb6 Qe6 22. Qxe6 fxe6 23. Bc2 Bd4 24. Na4 b5 25. cxb5 Bxb5 26. Nc3 Bc4 27. a3 e5 28. Bd3 Bb3 29. Rde1 Rdc8 30. Bc2 Bxc3 31. bxc3 Rxc3 32. Re2 Rbc8 33. Kb2 Bxc2 34. Rc1 Rb3+ 35.
Ka2 Ra8 0-1

[Event "*** Titled Tuesday Blitz"]
[Site "Chess.com"]
[Date "2019.07.02"]
[Round "1"]
[White "Ceejay271"]
[Black "albi1999"]
[Result "1/2-1/2"]
[WhiteElo "2154"]
[BlackElo "2518"]
[TimeControl "180+2"]
[EndTime "13:07:25 PDT"]
[Termination "Game drawn by agreement"]

1. d4 Nf6 2. Nf3 e6 3. Bg5 h6 4. Bh4 c5 5. c3 Qb6 6. Qb3 d5 7. e3 Nc6 8. Nbd2 Be7 9. Be2 O-O 10. O-O Re8 11. Qxb6 axb6 12. a3 c4 13. Bd1 b5 14.
Bc2 Nd7 15. Bxe7 Rxe7 16. e4 Nb6 17. Rfe1 Bd7 18. exd5 exd5 19. Rxe7 Nxe7 20. Re1 Kf8 21.
Nf1 Bf5 22. Bd1 Na4 23. Bxa4 bxa4 24. Ne3 Be4 25. Nd2 Bd3 26. Nf3 f6 27. Rd1 Ra6 28. Rd2 Re6 29. Ne1 Bh7 30. N1c2 Bxc2 31. Nxc2 Nf5 32.
Kf1 Nh4 33. Ne3 Rd6 34. Re2 Kf7 35. g3 Nf3 36. Kg2 Ng5 37. h4 Ne6 38. h5 Rd7 39.
Nf5 Nd8 40. Re3 Nc6 41. g4 Nd8 42. Kg3 Ne6 43. f4 Nc7 44. Kf3 Ne8 45. Kg3 Nd6 46. Nxd6+ Rxd6 47. f5 Rb6 48. Re2 Rc6 49. Kf4 Rc7 50.
Kf3 Re7 51. Rxe7+ Kxe7 1/2-1/2

[Event "*** Titled Tuesday Blitz"]
[Site "Chess.com"]
[Date "2019.07.02"]
[Round "1"]
[White "Misha_Bilous"]
[Black "Adham_Fawzy"]
[Result "0-1"]
[WhiteElo "2381"]
[BlackElo "2732"]
[TimeControl "180+2"]
[EndTime "13:07:29 PDT"]
[Termination "Adham_Fawzy won by resignation"]

1. d4 d5 2. c4 c6 3. e3 Nf6 4. Nf3 Bf5 5. Nc3 e6 6. Nh4 Be4 7. f3 Bg6 8. Nxg6 hxg6 9. Bd3 Qc7 10. f4 Bb4 11. Bd2 Nbd7 12. O-O Bxc3 13. Bxc3 dxc4 14. Bxc4 Ne4 15. Qc2 Nd6 16. Bd3 O-O-O 17. b4 f5 18. a4 Nf6 19. Bd2 g5 20. b5 gxf4 21. Rxf4 Nd5 22.
bxc6 Nxf4 23. exf4 Qxc6 24. Qb3 Qd5 25. Qb4 Kb8 26.
a5 Nc4 27. Bc3 Ne3 28. Qb2 Rc8 29. a6 b6 30. Be1 Rc2 31. Qxc2 Nxc2 32. Bxc2 Qxd4+ 0-1

[Event "*** Titled Tuesday Blitz"]
[Site "Chess.com"]
[Date "2019.07.02"]
[Round "1"]
[White "Amirreza_p"]
[Black "Rakesh"]
[Result "0-1"]
[WhiteElo "2823"]
[BlackElo "2452"]
[TimeControl "180+2"]
[EndTime "13:07:30 PDT"]
[Termination "Rakesh won by checkmate"]

1. d4 Nf6 2. g3 d5 3. Bg2 c5 4. dxc5 Nc6 5. Nf3 e5 6. O-O Bxc5 7. c4 d4 8. Nbd2 O-O 9. Ng5 Bf5 10. Nge4 Nxe4 11. Nxe4 Be7 12. b3 Rc8 13. Bb2 Bg6 14.
a3 f5 15. Nd2 e4 16. b4 Bf6 17. Nb3 Bf7 18. Rc1 a6 19. b5 Na5 20. Bxd4 Nxb3 21.
Bxf6 Qxd1 22. Rcxd1 gxf6 23. bxa6 bxa6 24. Bh3 Rc5 25.
Rd6 Bxc4 26. Rb1 a5 27. a4 Kg7 28. e3 Kg6 29. Rd7 Rf7 30. Rd8 Rfc7 31. Kg2 Be2 32.
g4 fxg4 33. Rxb3 gxh3+ 34. Kxh3 Bc4 35. Rb6 Rg5 36. Rdd6 Rf7 37. Kh4 Be2 38. Re6 Rg4+ 39. Kh3 h5 40. Rb5 Bf1# 0-1

[Event "*** Titled Tuesday Blitz"]
[Site "Chess.com"]
[Date "2019.07.02"]
[Round "1"]
[White "Natalya_Buksa"]
[Black "Lunaticx"]
[Result "0-1"]
[WhiteElo "2445"]
[BlackElo "2860"]
[TimeControl "180+2"]
[EndTime "13:07:31 PDT"]
[Termination "Lunaticx won by checkmate"]

1. e4 d6 2. d4 Nf6 3. Nc3 g6 4. f4 Bg7 5. Nf3 O-O 6. e5 Nfd7 7. Bc4 Nb6 8. Bb3 Nc6 9. Be3 Na5 10. Qe2 c6 11. O-O-O Nxb3+ 12. cxb3 a5 13. Kb1 a4 14. b4 Be6 15. h3 Qd7 16. g4 a3 17. b3 Nd5 18. Nxd5 Bxd5 19. Rhf1 Qc7 20. Bd2 f5 21. g5 Rfd8 22. h4 Be4+ 23. Ka1 dxe5 24. Nxe5 Rxd4 25. Bc3 Rd5 26. h5 Rad8 27. hxg6 hxg6 28.
Qc4 e6 29. Qe2 Bxe5 30. fxe5 Rd3 31. Rc1 Rxc3 32. Rxc3 Qxe5 33. Rc1 Rd3 34. Qe1 Qd4 35. b5 cxb5 36. Qe3 Rxe3 37. b4 Qxc3+ 38. Rxc3 Re1+ 39. Rc1 Rxc1# 0-1

[Event "*** Titled Tuesday Blitz"]
[Site "Chess.com"]
[Date "2019.07.02"]
[Round "1"]
[White "Chesstrainer1"]
[Black "VishnuPrasanna"]
[Result "0-1"]
[WhiteElo "2418"]
[BlackElo "2804"]
[TimeControl "180+2"]
[EndTime "13:07:31 PDT"]
[Termination "VishnuPrasanna won by resignation"]

1. d4 Nf6 2. c4 g6 3. Nc3 Bg7 4. e4 d6 5. Nf3 Nbd7 6. Be2 e5 7.
d5 Nc5 8. Qc2 a5 9. Bg5 h6 10. Bh4 Bd7 11. Nd2 Qb8 12. O-O Qa7 13.
Kh1 O-O 14. b3 c6 15. f3 Rfc8 16. Bf2 Nh5 17. Rfb1 Nf4 18. Bf1 cxd5 19. cxd5 b5 20. a3 Qb7 21. Bxc5 Rxc5 22. b4 Rc7 23. bxa5 Rxa5 24.
Rb3 Qa7 25. Qb2 Qf2 26. Nc4 Qxb2 27. Nxb2 h5 28. Nxb5 Rc2 29. a4 Bf8 30. Nc4 Ra6 31.
a5 Ne2 32. Nb6 Rxa5 33. Rxa5 Rc1 34. h4 Rxf1+ 35. Kh2 Bh6 36. Nxd7 Bf4+ 37. g3 Rf2+ 38. Kh1 Bxg3 39. Nf6+ Kg7 40. Ne8+ Kh6 0-1

[Event "*** Titled Tuesday Blitz"]
[Site "Chess.com"]
[Date "2019.07.02"]
[Round "1"]
[White "chess4life23"]
[Black "DryCounty"]
[Result "0-1"]
[WhiteElo "2338"]
[BlackElo "2689"]
[TimeControl "180+2"]
[EndTime "13:07:32 PDT"]
[Termination "DryCounty won by resignation"]

1. d4 Nf6 2. c4 g6 3. Nc3 Bg7 4.
e4 O-O 5. Be2 d6 6. Nf3 e5 7.
O-O c6 8. Re1 exd4 9. Nxd4 Re8 10. Bf1 Qb6 11. Nb3 Ng4 12. Qc2 a5 13. h3 a4 14. Nxa4 Rxa4 15. hxg4 Bxg4 16. Be3 Qd8 17. Nc5 Ra8 18. Na4 Nd7 19. f3 Be6 20. Rad1 Qe7 21.
Nc3 Ne5 22. b3 Qf6 23. Ne2 Nxf3+ 24. gxf3 Qxf3 25. Nd4 Qh5 26. Nxe6 Rxe6 27. Qg2 Be5 28. Bd4 Bxd4+ 29. Rxd4 Re5 30. Be2 Qh4 31. Kf1 Rg5 32. Qf3 Qh2 0-1

[Event "*** Titled Tuesday Blitz"]
[Site "Chess.com"]
[Date "2019.07.02"]
[Round "1"]
[White "Alopekos"]
[Black "DanielNaroditsky"]
[Result "0-1"]
[WhiteElo "2472"]
[BlackElo "3018"]
[TimeControl "180+2"]
[EndTime "13:07:33 PDT"]
[Termination "DanielNaroditsky won by resignation"]

1. e4 e5 2. Nf3 Nc6 3. Bb5 a6 4. Ba4 Nf6 5. O-O Be7 6. Re1 b5 7. Bb3 d6 8. a4 b4 9. a5 O-O 10.
c3 Rb8 11. h3 d5 12. exd5 Nxd5 13. Nxe5 Nxe5 14. Rxe5 Bb7 15. d4 Bf6 16. Re1 c5 17. c4 Ne7 18. d5 Nf5 19. Nd2 Re8 20. Ne4 Bd4 21. Ba4 Rf8 22. Bf4 Ra8 23. Qg4 Bc8 24.
Qe2 h6 25. Bc6 Ra7 26. Bb8 Re7 27. d6 Re6 28. Bd5 Rg6 29. Qh5 Nh4 30. Nd2 Bxh3 31.
Bc7 Qf6 32. d7 Qxf2+ 0-1

[Event "*** Titled Tuesday Blitz"]
[Site "Chess.com"]
[Date "2019.07.02"]
[Round "1"]
[White "Gr3egor"]
[Black "pandamaster3000"]
[Result "1-0"]
[WhiteElo "2615"]
[BlackElo "2281"]
[TimeControl "180+2"]
[EndTime "13:07:33 PDT"]
[Termination "Gr3egor won by resignation"]

1. d4 Nf6 2. c4 g6 3. Nc3 Bg7 4. e4 d6 5. h3 O-O 6. Be3 e5 7. d5 a5 8. g4 Na6 9. Qd2 c6 10.
dxc6 bxc6 11. O-O-O Be6 12. Qxd6 Qc8 13. Nf3 Nd7 14.
Ng5 Rd8 15. Nxe6 fxe6 16. Qxe6+ Kh8 17. Bg5 Nf6 18. Rxd8+ Qxd8 19. Be2 Nc5 20. Qxc6 Rc8 21. Bxf6 Bxf6 22. Qd5 Qb6 23. Rd1 Rb8 24. Nb5 Bg5+ 25. Kc2 Bf4 26. Qf7 Rc8 27. Rd6 Qb8 28. f3 Rf8 29.
Qd5 Rc8 30. Rc6 Rd8 31. Qxc5 Rd2+ 32. Kb3 a4+ 33. Ka3 Kg7 34. Qe7+ Kh6 35. Qh4+ Kg7 36. Rc7+ Kf8 37. Qe7+ 1-0

[Event "*** Titled Tuesday Blitz"]
[Site "Chess.com"]
[Date "2019.07.02"]
[Round "1"]
[White "lionheart95"]
[Black "MarcoRiehle"]
[Result "1-0"]
[WhiteElo "2401"]
[BlackElo "2697"]
[TimeControl "180+2"]
[EndTime "13:07:34 PDT"]
[Termination "lionheart95 won by resignation"]

1. e4 e5 2. Nf3 Nf6 3. Nxe5 Nxe4 4.
Qe2 Qe7 5. Qxe4 d6 6. d4 dxe5 7. dxe5 Nc6 8. Nc3 Qxe5 9. Qxe5+ Nxe5 10. Nb5 Kd8 11. Bf4 f6 12. O-O-O+ Bd7 13. Be2 Kc8 14.
Rhe1 a6 15. Nc3 Bc6 16. Nd5 Bd6 17. h4 Re8 18. Bh5 Rd8 19. g3 a5 20. Rd2 Nc4 21. Rdd1 Bxd5 22. Bxd6 Nxd6 23. Rxd5 g6 24. Bf3 Ra6 25.
Re7 Rd7 26. Re1 a4 27. h5 a3 28. b3 f5 29. c4 b6 30. Re6 gxh5 31. Bxh5 Ra5 32.
Rxa5 bxa5 33. Bf3 f4 34. c5 Nb5 35. Re8+ Rd8 36. Bg4+ Kb7 37. Rxd8 Nc3 38. Rd2 fxg3 39. fxg3 Ne4 40. Bf3 1-0

[Event "*** Titled Tuesday Blitz"]
[Site "Chess.com"]
[Date "2019.07.02"]
[Round "1"]
[White "1d4_1-0"]
[Black "Witik"]
[Result "0-1"]
[WhiteElo "2190"]
[BlackElo "2552"]
[TimeControl "180+2"]
[EndTime "13:07:34 PDT"]
[Termination "Witik won by resignation"]

1. d4 d5 2. c4 e6 3. Nf3 c6 4.
g3 Bd6 5. Bg2 f5 6. O-O Nf6 7.
Nc3 O-O 8. Bf4 Bxf4 9. gxf4 Ne4 10. e3 Nd7 11. Ne5 Nxe5 12. dxe5 b6 13. Qc2 Ba6 14. Nxe4 fxe4 15. b3 g5 16. Bh3 gxf4 17. Bxe6+ Kh8 18. Kh1 Qe7 19. cxd5 Bxf1 20. Rxf1 fxe3 21. Qxe4 Rxf2 22. Rg1 e2 23. Qg4 Rf1 24. Qxe2 Rxg1+ 25. Kxg1 Rf8 26. Qg4 cxd5 27. Bxd5 Qxe5 28. Bf3 Rg8 0-1

[Event "*** Titled Tuesday Blitz"]
[Site "Chess.com"]
[Date "2019.07.02"]
[Round "1"]
[White "GrigorGrigorov"]
[Black "Vamostodorecto"]
[Result "1-0"]
[WhiteElo "2772"]
[BlackElo "2401"]
[TimeControl "180+2"]
[EndTime "13:07:35 PDT"]
[Termination "GrigorGrigorov won by resignation"]

1. d4 Nf6 2. c4 g6 3. g3 d5 4.
cxd5 Nxd5 5. Bg2 Bg7 6. Nf3 O-O 7. O-O Nb6 8. Nc3 Nc6 9. e3 a5 10. h3 h6 11. Qe2 Be6 12. Rd1 Nb4 13. Ne1 Qc8 14.
Kh2 Bc4 15. Qd2 c5 16. d5 Rd8 17. e4 f5 18. b3 fxe4 19. bxc4 Nxc4 20. Qe2 Bxc3 21. Qxc4 Bxa1 22. Bxh6 Bf6 23. Bxe4 Kh7 24. Be3 b6 25. a3 Qa6 26. Qc1 Na2 27. Qc2 Nc3 28.
Bxg6+ Kg7 29. Bh5 Kf8 30. Bh6+ Bg7 31. Qf5+ 1-0

[Event "*** Titled Tuesday Blitz"]
[Site "Chess.com"]
[Date "2019.07.02"]
[Round "1"]
[White "Pechen_Yeltsina"]
[Black "kasparicy"]
[Result "1-0"]
[WhiteElo "2680"]
[BlackElo "2327"]
[TimeControl "180+2"]
[EndTime "13:07:39 PDT"]
[Termination "Pechen_Yeltsina won by resignation"]

1. e4 c5 2. Nf3 d6 3. g3 Nf6 4. d3 e6 5. Bg2 Be7 6. O-O a6 7. Re1 Qc7 8. c3 b5 9. d4 Bb7 10. e5 Nd5 11. Nbd2 O-O 12. Ne4 dxe5 13. dxe5 Nd7 14. Bg5 Bxg5 15. Nexg5 h6 16. Ne4 Rad8 17. Qc2 c4 18. h4 Nxe5 19. Nxe5 Qxe5 20. Ng5 Qf5 21.
Be4 Qg4 22. Bxd5 hxg5 23. Bxb7 gxh4 24. Qe2 Qg5 25. Qe3 Qe7 26. Bg2 hxg3 27. Qxg3 Rd3 28. Re3 Rfd8 29. Rae1 Rd2 30. R1e2 Rxe2 31. Rxe2 Rd1+ 32.
Kh2 g6 33. Bf3 Rd3 34. Kg2 Qf6 35. Re3 Rd2 36. Re2 Rd3 37. Re4 Rd2 38. Rf4 Qe5 39.
Qh4 Rxb2 40. Rd4 Kg7 41. Rd8 Rxf2+ 42. Kxf2 Qc5+ 43. Kg2 1-0

[Event "*** Titled Tuesday Blitz"]
[Site "Chess.com"]
[Date "2019.07.02"]
[Round "1"]
[White "Berardino"]
[Black "Olga_Zhuravleva"]
[Result "1-0"]
[WhiteElo "2531"]
[BlackElo "2130"]
[TimeControl "180+2"]
[EndTime "13:07:39 PDT"]
[Termination "Berardino won by checkmate"]

1. d4 g6 2. c4 Bg7 3. e4 d6 4.
Nc3 Nc6 5. Be3 e5 6. Nge2 Nf6 7. d5 Ne7 8. f3 O-O 9. Qd2 Ne8 10. g4 a6 11. Ng3 f5 12. gxf5 gxf5 13.
exf5 Nxf5 14. Nxf5 Bxf5 15. Rg1 Kh8 16. O-O-O Bg6 17.
Bd3 Bxd3 18. Qxd3 Rxf3 19. Qe2 Rh3 20. Rg4 Nf6 21. Rg2 Qf8 22. Kb1 Bh6 23. Bg1 Qf7 24. Rf1 Rf8 25. Ne4 Bf4 26. Rxf4 exf4 27.
Bd4 Rh6 28. Qf3 Rg8 29. Qxf4 Rxg2 30. Qxh6 Qg6 31. Qf8+ Qg8 32. Bxf6+ Rg7 33. Bxg7# 1-0

[Event "*** Titled Tuesday Blitz"]
[Site "Chess.com"]
[Date "2019.07.02"]
[Round "1"]
[White "KamilPlichta"]
[Black "TonRicher"]
[Result "1-0"]
[WhiteElo "2787"]
[BlackElo "2407"]
[TimeControl "180+2"]
[EndTime "13:07:40 PDT"]
[Termination "KamilPlichta won by resignation"]

1. d4 Nf6 2. Bg5 d5 3. e3 c5 4. Bxf6 gxf6 5. dxc5 e6 6. Nf3 Bxc5 7. Be2 Qb6 8. b3 Bb4+ 9. c3 Be7 10. O-O f5 11.
Nbd2 Bf6 12. Rc1 Bd7 13. c4 Bc6 14. cxd5 Bxd5 15. Rc8+ Ke7 16. Rxh8 Bxh8 17. Bc4 Bc6 18. Ng5 Bf6 19. Qh5 Be8 20. Nxh7 Nd7 21. Nf3 Qa5 22. Rd1 Rd8 23. Qh6 Bb2 24. Nfg5 Qc3 25. Bxe6 Qg7 26. Qxg7 Bxg7 27. Bxf5 f6 28. Ne6 Bh8 29.
Nxd8 Kxd8 30. Bxd7 Bxd7 31. Nf8 1-0

[Event "*** Titled Tuesday Blitz"]
[Site "Chess.com"]
[Date "2019.07.02"]
[Round "1"]
[White "theblitzchamp"]
[Black "IveBeenThroughPain"]
[Result "1-0"]
[WhiteElo "2641"]
[BlackElo "2306"]
[TimeControl "180+2"]
[EndTime "13:07:42 PDT"]
[Termination "theblitzchamp won by resignation"]

1. e4 e5 2. Nf3 Nc6 3. Bb5 a6 4. Ba4 Nf6 5. Qe2 Bc5 6. c3 b5 7. Bb3 d6 8. d3 O-O 9. Bg5 h6 10. Bh4 Be6 11. Bc2 Bb6 12. Nbd2 Rc8 13. Nf1 g5 14. Nxg5 hxg5 15. Bxg5 Kg7 16. Ng3 Kg6 17. h4 Rh8 18. O-O-O Qg8 19. d4 Ne7 20. Rdf1 Re8 21.
f4 Nd7 22. f5+ Kg7 23. fxe6 fxe6 24. Qg4 Kh7 25. Rf3 Qg6 26. Rhf1 Rhf8 27. h5 Qg7 28. Qh4 Rxf3 29. Rxf3 exd4 30. h6 Qg6 31. Bxe7 Ne5 32.
Rf8 d3 33. Rxe8 Qxe8 34. Qg5 Qf7 35. Bd1 Nc4 36. Bh5 d2+ 37. Kc2 Qg8 38. Qxg8+ Kxg8 39. Bg6 Ne5 40. h7+ Kg7 41. Bf6+ 1-0

[Event "*** Titled Tuesday Blitz"]
[Site "Chess.com"]
[Date "2019.07.02"]
[Round "1"]
[White "Yaacovn"]
[Black "playerorkinyo"]
[Result "0-1"]
[WhiteElo "2745"]
[BlackElo "2414"]
[TimeControl "180+2"]
[EndTime "13:07:43 PDT"]
[Termination "playerorkinyo won by resignation"]

1. d4 Nf6 2. Nf3 g6 3. e3 Bg7 4. Be2 O-O 5. b3 b6 6. Bb2 Bb7 7. O-O d6 8. c4 Nbd7 9. Qc2 Ne4 10. d5 Bxb2 11. Qxb2 c6 12. dxc6 Bxc6 13. Nd4 Bb7 14. f3 Nef6 15. e4 a6 16. Nc3 Rc8 17. Rad1 Qc7 18.
Qd2 Rfd8 19. Qe3 e6 20. Rd2 d5 21. cxd5 Qxc3 22. Qxc3 Rxc3 23. dxe6 fxe6 24. Nxe6 Re8 25.
Nf4 Nc5 26. Rd6 Nfd7 27. Rfd1 g5 28. Nh5 Rc2 29. Bc4+ Kh8 30. Rxd7 Nxd7 31. Rxd7 Bc8 32. Rc7 Rf8 33. e5 b5 34. Nf6 Bf5 35. Nxh7 Rc1+ 36. Kf2 Bxh7 37. Rf7 Rxf7 38. Bxf7 Kg7 39. e6 Rc2+ 40. Kg3 Rxa2 0-1

[Event "*** Titled Tuesday Blitz"]
[Site "Chess.com"]
[Date "2019.07.02"]
[Round "1"]
[White "BlueWizzard"]
[Black "WarlordX"]
[Result "1-0"]
[WhiteElo "2712"]
[BlackElo "2363"]
[TimeControl "180+2"]
[EndTime "13:07:43 PDT"]
[Termination "BlueWizzard won by resignation"]

1. e4 c5 2. Nc3 Nc6 3. Bc4 a6 4. Nf3 b5 5. Bd5 Bb7 6. O-O Nf6 7.
Bxc6 Bxc6 8. e5 Nd5 9. d4 Nxc3 10. bxc3 e6 11. Be3 Qa5 12. Qd2 Bxf3 13. gxf3 cxd4 14. Qxd4 Rc8 15. Rfd1 Qc7 16. a4 Bc5 17. Qxc5 Qxc5 18.
Bxc5 Rxc5 19. axb5 Rxb5 20. Rxa6 Ke7 21. Ra7 Rd8 22.
f4 Rc5 23. Ra3 Rc4 24. Rd4 Rdc8 25. Kg2 Rxc3 26. Ra7 R8c7 27. Rxc7 Rxc7 28. c4 f5 29. exf6+ gxf6 30. f5 exf5 31. Rh4 Ke6 32. Kf3 Ke5 33. Rxh7 Rxc4 34. Rxd7 Rc3+ 35. Kg2 f4 36. h4 Kf5 37. Rg7 Rb3 38. h5 Rb8 39. h6 Rh8 40. h7 Ke4 41. Re7+ Kf5 42. Rg7 Ke4 43. f3+ Kd3 44. Re7 Kd4 45.
Kh3 f5 46. Kh4 Kd5 47. Kg5 Kd6 48. Kf6 Rf8+ 49. Rf7 Rh8 50. Kg7 Ke6 51. Ra7 Rd8 52. h8=Q Rxh8 53. Kxh8 1-0